 Dungeon Crawl Stone Soup version 0.31-a0-1127-ge7b2bbabab (webtiles) character file.

Game seed: 11093147410227434418

459 Amateur69 the Chopper (level 7, -11/60 HPs)
             Began as a Hill Orc Fighter on Dec 5, 2023.
             Was a Follower of Wu Jian.
             Killed from afar by Ijyb (15 damage)
             ... with a bolt of dispelling energy
             ... on level 5 of the Dungeon.
             The game lasted 00:31:25 (4191 turns).

Amateur69 the Chopper (Hill Orc Fighter)            Turns: 4191, Time: 00:31:26

Health: -11/60     AC: 17    Str: 21    XL:     7   Next: 6%
Magic:  7/7        EV:  3    Int: 14    God:    Wu Jian [*.....]
Gold:   218        SH:  4    Dex: 10    Spells: 2/6 levels left

rFire   . . .        a - +0 war axe
rCold   . . .        c - +0 buckler
rNeg    . . .        y - +0 crystal plate armour
rPois   .            (no helmet)
rElec   .            (no cloak)
rCorr   .            (no gloves)
SInv    .            (no boots)
Will    .....        (no amulet) Stlth
                     j - +4 ring of protection
HPRegen 0.30/turn    v - +6 ring of intelligence
MPRegen 0.10/turn

%: no passive effects
@: lethally poisoned (-11 -> -22), corroded
A: no striking features
a: Renounce Religion


You were on level 5 of the Dungeon.
You worshipped Wu Jian.
Wu Jian was aware of your devotion.
You visited 1 branch of the dungeon, and saw 5 of its levels.

You collected 218 gold pieces.

Inventory:

Hand Weapons
 a - a +0 war axe (weapon)
 n - a +0 flail
 D - a +0 flail
 F - a +0 long sword
Missiles
 f - 4 boomerangs
 i - 21 stones
Armour
 b - a +0 scale mail
 c - a +0 buckler (worn)
 l - a +0 leather armour
 s - a +0 ring mail
 y - a +0 crystal plate armour (worn)
Jewellery
 j - a +4 ring of protection (left hand)
 v - a +6 ring of intelligence (right hand)
 w - a +6 ring of intelligence
 C - a ring of resist corrosion
Wands
 x - a wand of flame (32)
Scrolls
 e - a scroll of torment {unknown}
 g - 2 scrolls of vulnerability (quivered) {unknown}
 h - a scroll of poison {unknown}
 m - a scroll of fog {unknown}
 o - a scroll of revelation {unknown}
 p - 2 scrolls of teleportation {unknown}
 r - 2 scrolls of enchant armour {unknown}
 t - 6 scrolls of identify {unknown}
Potions
 d - 2 potions of might
 k - 2 potions of heal wounds {unknown}
 q - a potion of brilliance {unknown}
 u - a potion of berserk rage {unknown}
 z - 2 potions of curing {unknown}
 A - a potion of attraction {unknown}
 B - a potion of mutation {unknown}
 E - 2 potions of haste {unknown}


   Skills:
 + Level 4.9 Fighting
 + Level 6.9 Axes
 + Level 4.9 Armour
 + Level 0.4 Dodging
 + Level 4.2 Shields


You had 2 spell levels left.
You knew the following spells:

 Your Spells              Type           Power      Damage    Failure   Level
a - Blink                 Tloc           0%         N/A       100%        2
b - Ensorcelled Hibernat  Hex/Ice        0%         N/A       100%        2

Your spell library contained the following spells:

 Spells                   Type           Power      Damage    Failure   Level
 Jinxbite                 Hex            0%         N/A       100%        2
 Anguish                  Hex/Necr       0%         N/A       100%        4
 Manifold Assault         Tloc           0%         N/A       100%        4


Dungeon Overview and Level Annotations

Branches:
Dungeon (5/15)
 Temple: D:4-7

Altars:
Dithmenos
Hepliaklqana
Kikubaaqudgha
Makhleb
Okawaru
Wu Jian

Annotations:
D:5 Ijyb


Message History

A jelly comes into view.
The jelly quivers.
Ijyb barely misses you.
You closely miss Ijyb.
Ijyb hits you with a +0 dagger of venom.
You are poisoned.
Ijyb hits you but does no damage.
You hit Ijyb.
Ijyb is lightly wounded.
You feel very sick. Ijyb hits you but does no damage.
You are more poisoned.
You closely miss Ijyb.
Ijyb is lightly wounded.
You feel very sick.
Ijyb zaps a wand.
The bolt of dispelling energy hits you!
You hit Ijyb.
Ijyb is heavily wounded.
You feel very sick.
Ijyb zaps a wand.
The bolt of dispelling energy hits you!
* * * LOW HITPOINT WARNING * * *
You closely miss Ijyb.
Ijyb is heavily wounded.
You hit the jelly.
Your hands burn!
* * * LOW HITPOINT WARNING * * *
You feel very sick. Ijyb hits you but does no damage.
You are lethally poisoned!
The jelly barely misses you.
You slash Ijyb!
Ijyb is severely wounded.
You slash the jelly! The acid corrodes you!
Your hands burn!
* * * LOW HITPOINT WARNING * * *
x2 You feel very sick.
Ijyb zaps a wand.
The bolt of dispelling energy hits you but does no damage.
Your magical effects are unravelling.
The jelly hits you but does no damage. x2; Ijyb zaps a wand.
The bolt of dispelling energy hits you!
You die...

#<#..## #....#
#...## ###.#.#
.##.....##########
.................#
##.##............+
#.. #............#
.. #....J@......#
......g.......#
####...........#
#...........#
.......#######
........#
........#
........#


You could see Ijyb and a jelly.

Vanquished Creatures
  An ice beast (D:5)
  A black bear (D:4)
  A scorpion (D:4)
  4 hounds
  3 jellies
  A sleepcap (D:4)
  An iguana (D:4)
  3 gnolls (D:4)
  5 adders
  A shadow imp (D:4)
  3 dart slugs
  9 ball pythons
  6 endoplasms
  4 giant cockroaches
  5 goblins
  6 hobgoblins
  4 jackals (D:4)
  A quokka (D:4)
  4 frilled lizards
  5 kobolds
  4 rats
72 creatures vanquished.

Notes
Turn   | Place    | Note
-------+----------+-------------------------------------------
     0 | D:1      | Amateur69 the Hill Orc Fighter began the quest for the Orb.
     0 | D:1      | Reached XP level 1. HP: 19/19 MP: 1/1
   228 | D:1      | Reached XP level 2. HP: 27/27 MP: 2/2
   484 | D:1      | Reached skill level 3 in Axes
   517 | D:1      | You fall into a shaft and drop 1 floor!
  1082 | D:2      | Reached XP level 3. HP: 27/33 MP: 3/3
  1273 | D:2      | Learned a level 2 spell: Blink
  1289 | D:2      | Reached XP level 4. HP: 40/40 MP: 4/4
  2359 | D:3      | Found a hazy altar of Hepliaklqana.
  2368 | D:3      | Became a worshipper of Hepliaklqana the Forgotten
  2598 | D:3      | Found an iron altar of Okawaru.
  2598 | D:3      | Found an ancient bone altar of Kikubaaqudgha.
  3274 | D:4      | Reached skill level 4 in Axes
  3274 | D:4      | Reached XP level 5. HP: 46/46 MP: 5/5
  3307 | D:4      | Found an ornate altar of the Wu Jian Council.
  3316 | D:4      | Fell from the grace of Hepliaklqana
  3316 | D:4      | Became a worshipper of the Wu Jian Council
  3492 | D:4      | Found a burning altar of Makhleb.
  3710 | D:4      | Learned a level 2 spell: Ensorcelled Hibernation
  3714 | D:4      | Noticed a black bear
  3721 | D:4      | Killed a black bear
  3722 | D:4      | Was forgiven by Hepliaklqana
  3722 | D:4      | Reached skill level 5 in Axes
  3724 | D:4      | Reached XP level 6. HP: 49/53 MP: 6/6
  4047 | D:5      | Entered Level 5 of the Dungeon
  4090 | D:5      | Reached * piety under Wu Jian
  4097 | D:5      | Reached skill level 6 in Axes
  4123 | D:5      | Found a shadowy altar of Dithmenos.
  4168 | D:5      | Noticed an ice beast
  4180 | D:5      | Killed an ice beast
  4181 | D:5      | Reached XP level 7. HP: 50/60 MP: 7/7
  4181 | D:5      | Noticed Ijyb
  4191 | D:5      | Killed from afar by Ijyb

Illustrated notes

Levels and vault maps discovered:
D:1:      mushboom_english_gardens, layout_loops_ring
D:2:      layout_loops_ring
D:3:      layout_loops_corners, worldfamousw_hep_ancestral_shrine,
          gammafunk_temple_overflow_wave
D:4:      layout_rooms, lemuel_crystal_altar, mainiacjoe_overflow_alcove_2
D:5:      layout_basic, mainiacjoe_overflow_catwalk,
          mainiacjoe_overflow_cross_hatched, ebering_ghost_sewer_d,
          minmay_liquid_box, uniq_prince_ribbit1, uniq_ijyb, uniq_menkaure

Skill      XL: |  1  2  3  4  5  6 |
---------------+-------------------+-----
Axes           | 3 4 5 6 |  6.9
Armour         | 4 |  4.9
Shields        | 4 |  4.2
Fighting       | 4 |  4.9
Dodging        | |  0.4

Action                     |  1- 3 |  4- 6 |  7- 9 || total
---------------------------+-------+-------+-------++-------
  Melee: War axe           |    80 |   150 |     6 ||   236
Ability: Lunge             |       |     7 |       ||     7
 Armour: Scale mail        |    53 |    18 |       ||    71
         Crystal plate arm |       |   146 |    10 ||   156
  Dodge: Dodged            |    42 |    36 |     2 ||    80
  Block: Buckler           |    25 |    42 |       ||    67

Table legend: (Time is in decaauts)
 A = Elapsed time spent in this place.
 B = Non-inter-level travel time spent in this place.
 C = Inter-level travel time spent in this place.
 D = Time resting spent in this place.
 E = Time spent auto-exploring this place.
 F = Levels seen in this place.
 G = Mean time per level.
                   A        B        C        D        E       F      G
               +--------+--------+--------+--------+--------+-----+--------+
         Total |   4266 |   4264 |      2 |    110 |      0 |   5 |  853.2 |
       Dungeon |   4266 |   4264 |      2 |    110 |      0 |   5 |  853.2 |
               +--------+--------+--------+--------+--------+-----+--------+

Top non-repeatable levels by time:
     D:3: 1378 daAuts
     D:2: 1085 daAuts
     D:4: 863 daAuts
     D:1: 794 daAuts
     D:5: 144 daAuts
